Cogmind - Beta 13 *** ADVENTURER MODE // 2024.04.06 @ 02:37:04 Player: Doske Result: Self-destructed Performance ------------- Evolutions (3) 1500 Regions Visited (4) 800 Robots Destroyed (81) 405 Value Destroyed (2634) 2634 Prototype IDs (0) 0 Alien Tech Used (0) 0 Bonus (0) 0 TOTAL SCORE: 5339 Bonus ------- None Cogmind --------- Core Integrity 618/700 Matter 212/300 Energy 160/160 System Corruption 0% Temperature Cool (75) Movement Treading (162) Location -7/Factory Parts ------- > --- POWER (1) -------- Light Nuclear Core > --- PROPULSION (4) --- Light Treads Light Treads Light Treads Armored Treads > --- UTILITY (6) ------ Medium Storage Unit Sensor Array Hardened Medium Armor Plating > --- WEAPON (2) ------- Heavy Missile Launcher > --- INVENTORY (10) --- Improved Deuterium Engine Light Treads Improved Flight Unit Weight Redist. System Gatling Laser Heavy Assault Rifle High-powered Shotgun Improved Datajack Mining Laser Peak State ------------ > --- POWER ------------ Improved Ion Engine > --- PROPULSION ------- Light Treads Light Treads Light Treads > --- UTILITY ---------- Medium Storage Unit Sensor Array Signal Interpreter Makeshift Hacking Suite Long-range Tractor Beam > --- WEAPON ----------- Heavy Assault Rifle High-powered Shotgun > --- INVENTORY -------- Improved Ion Engine Light Treads Armored Wheel Armored Wheel Beam Rifle Gatling Laser Barrage Gun Heavy Missile Launcher Improved Datajack [Rating: 22] Favorites ----------- Power Improved Ion Engine Engine Improved Ion Engine Power Core Light Nuclear Core Propulsion Light Treads Treads Light Treads Wheel Armored Wheel Utility Medium Storage Unit Device Sensor Array Storage Medium Storage Unit Processor Signal Interpreter Hackware Makeshift Hacking Suite Protection Hardened Medium Armor Plating Weapon Heavy Assault Rifle Energy Gun EM Pulse Gun Energy Cannon Subdweller Beam Cannon Ballistic Gun Heavy Assault Rifle Launcher Heavy Missile Launcher Special Weapon Mining Laser Special Melee Weapon Dirty Datajack Build | -11 -10 -10 -8 -7 ------- Run | Yrd Mat Sub Mat Fac Slots Evolved 6 | . . . 4 2 Power . | . . . . . Propulsion 2 | . . . 1 1 Utility 4 | . . . 3 1 Weapon . | . . . . . Parts Attached 91 | 5 8 31 46 1 Power 11 | 1 1 6 3 . Engine 9 | 1 1 5 2 . Core 2 | . . 1 1 . Reactor . | . . . . . Propulsion 23 | 2 2 9 9 1 Treads 19 | 2 2 5 9 1 Leg . | . . . . . Wheel 4 | . . 4 . . Hover . | . . . . . Flight . | . . . . . Utility 11 | 1 2 2 6 . Device 3 | . . 1 2 . Storage 2 | 1 1 . . . Processor 2 | . 1 1 . . Hackware 1 | . . . 1 . Protection 3 | . . . 3 . Artifact . | . . . . . Weapon 46 | 1 3 14 28 . Energy Gun 6 | . 2 4 . . Energy Cannon 1 | . . 1 . . Ballistic Gun 22 | 1 1 5 15 . Ballistic Cannon . | . . . . . Launcher 3 | . . . 3 . Special Weapon 12 | . . 3 9 . Impact Weapon . | . . . . . Slashing Weapon . | . . . . . Piercing Weapon . | . . . . . Special Melee Weapon 2 | . . 1 1 . Unidentified Prototypes . | . . . . . Parts Lost 16 | . . 8 7 1 Power 4 | . . 2 2 . Propulsion 3 | . . 1 2 . Utility 3 | . . . 3 . Weapon 6 | . . 5 . 1 Highest Loss Streak 2 | . . 2 2 1 To Critical Strikes . | . . . . . Average Slot Usage (%) 95 | . 92 99 92 72 Engine 9 | . 14 9 7 . Core 2 | . . 4 1 7 Treads 26 | . 28 26 25 26 Device 5 | . . 2 11 7 Storage 11 | . 14 14 9 7 Processor 8 | . 7 11 7 . Hackware 1 | . . . 5 . Protection 2 | . . . 5 7 Energy Gun 2 | . 6 3 . . Energy Cannon 2 | . . 4 . . Ballistic Gun 17 | . 20 17 15 6 Special Weapon 1 | . . . 1 . Naked Turns . | . . . . . Heaviest Build 45 | 11 19 25 45 34 Greatest Support 80 | 40 40 40 60 80 Greatest Overweight (x) 1 | . . 1 1 . Average Overweight (x) . | . . . . . Largest Inventory Capacity 10 | 8 10 10 10 10 Average Capacity 9 | 7 9 10 10 10 Most Carried 10 | 5 10 10 10 10 Average Carried 9 | 3 8 9 9 9 Final Capacity 10 | 8 10 10 10 10 Final Carried 10 | 5 10 9 9 9 Class Distribution -------------------- 53% | Scavenger-Mutant 46% | Mutant Dominant Class ---------------- Mutant | -10/Materials Mutant | -10/Subcaves Scavenger-Mutant | -8/Materials Scavenger-Mutant | -7/Factory Resources | -11 -10 -10 -8 -7 ----------- Run | Yrd Mat Sub Mat Fac Matter Collected 2255 | 155 359 536 1175 30 Remotely 387 | . . . 387 . Salvage Created 2800 | . 798 712 1265 25 Parts 179 | . 46 47 85 1 Haulers Intercepted 1 | . 1 . . . Recyclers Shooed 1 | . . . 1 . Parts Field Recycled . | . . . . . Retrieved Matter . | . . . . . Parts Self-Destructed 5 | . . 5 . . Prevented 4 | . . 4 . . Kills | -11 -10 -10 -8 -7 ------- Run | Yrd Mat Sub Mat Fac Combat Hostiles Destroyed 66 | . 14 17 33 2 Melee 1 | . . 1 . . Guns 60 | . 14 15 31 . Cannons 1 | . . 1 . . AOE 4 | . . . 2 2 Classes Destroyed 13 | . 6 4 2 1 Worker 5 | . 3 . 2 . Hauler 1 | . 1 . . . Recycler 3 | . 2 . 1 . Operator 1 | . . . 1 . Watcher 5 | . 3 . 2 . Swarmer 15 | . 3 4 8 . Grunt 32 | . 11 2 18 1 Duelist 1 | . . . . 1 Sentry 7 | . . 1 6 . Hunter 1 | . . . 1 . Artisan 1 | . . 1 . . Cobbler 1 | . . 1 . . Subdweller 10 | . . 10 . . Best Kill Streak 6 | . 4 3 6 2 Combat Bots Only 5 | . 4 3 5 2 Max Kills in Single Turn 2 | . 1 1 2 2 Gunslinging 1 | . . . 1 . Exploded 2 | . . . 1 2 Melee 1 | . . 1 . . Uniques/NPCs Destroyed . | . . . . . Combat | -11 -10 -10 -8 -7 -------- Run | Yrd Mat Sub Mat Fac Hostile Shots Fired 446 | . 69 148 166 63 Missed 123 | . 16 45 42 20 Damage Taken 4060 | . 448 1313 1693 606 Core 421 | . 45 179 115 82 Absorbed by Shields . | . . . . . Ignored by Resistances 1069 | . 139 370 384 176 Regen/Repaired (Parts) 523 | . . . 523 . Core Remaining (%) 63 | 100 . 10 79 . Volleys Fired 313 | . 58 115 134 6 Largest 2 | . 2 2 2 2 Hottest 123 | . 60 105 123 62 Shots Fired 554 | . 116 193 236 9 Gun 458 | . 116 152 187 3 Cannon 20 | . . 20 . . Launcher 10 | . . . 4 6 Special 66 | . . 21 45 . Kinetic 399 | . 105 104 187 3 Thermal 117 | . . 72 45 . Explosive 10 | . . . 4 6 Electromagnetic 28 | . 11 17 . . Robot Hit Streak 33 | . 19 33 21 5 Robot Miss Streak 3 | . 1 1 3 . Penetration Max . | . . . . . Secondary Targets 5 | . . 2 3 . Max Gunslinging Chain 1 | . . 1 1 . Shots Hit Robots 380 | . 89 153 135 3 Core Hits 180 | . 42 48 78 12 Critical Kills . | . . . . . Critical Parts Destroyed 1 | . . . 1 . Critical Strikes 1 | . . . 1 . Destroy 1 | . . . 1 . Melee Attacks 14 | . . 12 2 . Impact . | . . . . . Slashing . | . . . . . Piercing 12 | . . 12 . . Sneak Attacks 2 | . . . 2 . Combat Hostiles . | . . . . . Follow-up Attacks . | . . . . . Damage Inflicted 6788 | . 1015 2236 2879 658 Guns 5002 | . 990 1550 2446 16 Cannons 447 | . . 447 . . Explosions 1030 | . . . 388 642 Melee 23 | . . 23 . . Ramming 70 | . 25 . 45 . Kinetic 4401 | . 872 1067 2446 16 Thermal 951 | . . 951 . . Explosive 1005 | . . . 363 642 Electromagnetic 338 | . 118 195 25 . Impact . | . . . . . Slashing . | . . . . . Piercing 23 | . . 23 . . Highest Corruption 7 | . . . 7 . Average Corruption 7 | . . . 7 . Corruption Purged . | . . . . . Corruption Blocked . | . . . . . Effects 16 | . . . 16 . Message Errors 5 | . . . 5 . Matter Fused 3 | . . . 3 . Energy Discharges 3 | . . . 3 . Data Loss (minor) 2 | . . . 2 . Data Loss (major) 2 | . . . 2 . Misfires 1 | . . . 1 . Overload Shots . | . . . . . Overflow Damage 38 | . . . 26 12 Projectiles . | . . . . . Explosions 38 | . . . 26 12 Melee . | . . . . . Knockbacks 1 | . . . 1 . Impact 1 | . . . 1 . Kinetic . | . . . . . Secondary . | . . . . . Self-Inflicted Damage 202 | . . . 4 198 Shots 5 | . . . 1 4 Rammed 14 | . 4 . 10 . Targets Rammed 17 | . 5 . 12 . Kicked . | . . . . . Crushed 3 | . 1 . 2 . Highest Temperature 83 | . 20 30 83 66 Average Temperature 16 | . 9 14 17 29 Received Heat Transfer 1626 | . 252 354 819 201 Siege Activations . | . . . . . Robots Corrupted . | . . . . . Combat Hostiles . | . . . . . Parts Fried 1 | . . 1 . . Impact Corruptions . | . . . . . Robots Melted . | . . . . . Combat Hostiles . | . . . . . Parts Melted . | . . . . . Heat Transferred 1617 | . . 1617 . . Parts Sabotaged . | . . . . . Parts Stolen . | . . . . . Parts Stripped . | . . . . . Power Chain Reactions . | . . . . . Alert | -11 -10 -10 -8 -7 ------- Run | Yrd Mat Sub Mat Fac Peak Influence 360 | . 222 . 360 123 Initial . | . . . . . Average 90 | . 67 . 107 18 Maximum Alert Level 1 | . 1 . 1 . Low Security (%) 86 | 100 99 . 79 100 Level 1 13 | . . . 20 . Level 2 . | . . . . . Level 3 . | . . . . . Level 4 . | . . . . . Level 5 . | . . . . . High Security . | . . . . . Max Security . | . . . . . Squads Dispatched 18 | . 2 . 11 5 Investigation 11 | . 2 . 7 2 Extermination 1 | . . . . 1 Reinforcement 2 | . . . 2 . Assault 1 | . . . 1 . Garrison 3 | . . . 1 2 Intercept . | . . . . . Searches Triggered . | . . . . . Construction Impeded . | . . . . . Haulers Reinforced . | . . . . . Active Scanning Responses . | . . . . . Cargo Convoy Interrupts . | . . . . . Stealth | -11 -10 -10 -8 -7 --------- Run | Yrd Mat Sub Mat Fac Distress Signals 1 | . . . 1 . Communications Jammed . | . . . . . Distress Signals . | . . . . . Times Spotted 110 | . 22 37 44 7 Peak Tracking Total 6 | . 3 6 6 5 Tactical Retreats 8 | . 2 3 3 . Traps | -11 -10 -10 -8 -7 ------- Run | Yrd Mat Sub Mat Fac Traps Triggered 3 | . 1 1 1 . Indirectly . | . . . . . Trap Hack Attempts . | . . . . . Triggered . | . . . . . Disarmed . | . . . . . Reprogrammed 4 | . . . 4 . Reused 1 | . . . 1 . Traps Extracted . | . . . . . Installed 1 | . . . 1 . Triggered 1 | . . . 1 . Most Traps Carried 1 | . . 1 1 . Machines | -11 -10 -10 -8 -7 ---------- Run | Yrd Mat Sub Mat Fac Machines Disabled 5 | . . . 5 . Max in Single Turn 1 | . . . 1 . Garrison Access 1 | . . . 1 . Machines Repaired . | . . . . . Machines Dismantled . | . . . . . Machines Sabotaged . | . . . . . Overloaded Fab Kills . | . . . . . Hacking | -11 -10 -10 -8 -7 --------- Run | Yrd Mat Sub Mat Fac Machines Accessed 14 | . 4 . 8 2 Terminals 11 | . 4 . 5 2 Fabricators . | . . . . . Repair Stations 2 | . . . 2 . Recycling Units . | . . . . . Scanalyzers 1 | . . . 1 . Garrison Access . | . . . . . Total Hacks 58 | . 16 . 39 3 Successful 40 | . 9 . 29 2 Failed 18 | . 7 . 10 1 Catastrophic 4 | . 3 . . 1 Database Lockouts . | . . . . . Manual 45 | . 15 . 27 3 Terminals 45 | . 16 . 26 3 Fabricators . | . . . . . Repair Stations 12 | . . . 12 . Recycling Units . | . . . . . Scanalyzers 1 | . . . 1 . Garrison Access . | . . . . . Terminal Hacks 21 | . 6 . 14 1 Open DSF 1 | . . . . 1 Level Access Points 1 | . . . 1 . Branch Access Points 2 | . 1 . 1 . Emergency Access Points 2 | . 1 . 1 . Terminal Index 1 | . 1 . . . Repair Station Index 2 | . 1 . 1 . Garrison Index 1 | . . . 1 . Alert Level 2 | . . . 2 . Unreport Threat 1 | . . . 1 . Reprogram Traps 2 | . 1 . 1 . Recall Investigation 1 | . . . 1 . Recall Assault 1 | . . . 1 . Registered Components 1 | . . . 1 . Zone Layout 3 | . 1 . 2 . Fabricator Hacks . | . . . . . Repair Station Hacks 10 | . . . 10 . Scan Component 5 | . . . 5 . Repair 5 | . . . 5 . Recycling Unit Hacks . | . . . . . Scanalyzer . | . . . . . Garrison Access Hacks . | . . . . . Unauthorized Hacks 9 | . 3 . 5 1 Terminals 9 | . 3 . 5 1 Botnet 9 | . 3 . 5 1 Fabricators . | . . . . . Repair Stations . | . . . . . Recycling Units . | . . . . . Scanalyzers . | . . . . . Garrison Access . | . . . . . Data Cores Recovered 1 | . . . . 1 Used . | . . . . . Hacking Detections 11 | . 4 . 6 1 Full Trace Events 9 | . 2 . 6 1 Feedback Events . | . . . . . Feedback Blocked . | . . . . . Robot Schematics Acquired . | . . . . . Robots Built . | . . . . . Authchips . | . . . . . Time . | . . . . . Total Robot Build Rating . | . . . . . Part Schematics Acquired . | . . . . . Parts Built . | . . . . . Authchips . | . . . . . Time . | . . . . . Total Part Build Rating . | . . . . . Parts Repaired 5 | . . . 5 . Time 74 | . . . 74 . Parts Recycled . | . . . . . Recycled Matter . | . . . . . Retrieved Matter . | . . . . . Retrieved Components . | . . . . . Parts Scanalyzed . | . . . . . Part Schematics Acquired . | . . . . . Parts Damaged . | . . . . . Bothacking | -11 -10 -10 -8 -7 ------------ Run | Yrd Mat Sub Mat Fac Used RIF Installer . | . . . . . Robots Hacked . | . . . . . Non-combat . | . . . . . Combat . | . . . . . Robot Hacks Applied . | . . . . . Relay Couplers Released 2 | . . . 2 . Machine Destruction 2 | . . . 2 . Fabnet Peak Effective % . | . . . . . Robots Rewired . | . . . . . Allies Hacked . | . . . . . Hacks Repelled . | . . . . . Allies | -11 -10 -10 -8 -7 -------- Run | Yrd Mat Sub Mat Fac Total Allies . | . . . . . Largest Group . | . . . . . Highest-Rated Group . | . . . . . Highest-Rated Ally . | . . . . . Total Orders . | . . . . . Ally Attacks . | . . . . . Total Damage . | . . . . . Kills . | . . . . . Allies Corrupted . | . . . . . Allies Melted . | . . . . . Intel | -11 -10 -10 -8 -7 ------- Run | Yrd Mat Sub Mat Fac Robot Analysis Total . | . . . . . Derelict Logs Recovered 2 | . . 2 . . Drone Launches . | . . . . . Drone Recoveries . | . . . . . Exploration | -11 -10 -10 -8 -7 ------------- Run | Yrd Mat Sub Mat Fac Turns Passed 8601 | 56 1476 3586 3232 251 Spaces Moved 4164 | 30 563 1937 1495 139 Core 5 | 5 . . . . Treads 4068 | 25 563 1846 1495 139 Legs . | . . . . . Wheels 91 | . . 91 . . Hover . | . . . . . Flight . | . . . . . Fastest Speed 50 | 50 160 90 160 160 Average Speed 158 | 141 160 156 160 160 Slowest Speed 250 | 160 160 240 250 162 Overloaded Moves . | . . . . . Propulsion Burnouts . | . . . . . Robots Hopped . | . . . . . Cave-ins Triggered 2 | . . . 2 . Exploration Rate (%) 55 | 4 83 91 94 5 Regions Visited 4 Branch Regions 1 Pre-discovered Areas 1 | . . 1 . . Known Exits Taken 3 | . 1 1 1 . Unknown Exits Taken 1 | 1 . . . . Scrap Searched 1 | . . 1 . . Spaces Dug 42 | . . . 42 . Terrain Destroyed 152 | . . . 99 53 Melee . | . . . . . Projectile 42 | . . . 42 . AOE 110 | . . . 57 53 Terrain Rammed . | . . . . . Walls Destroyed . | . . . . . Machines Disabled . | . . . . . Actions | -11 -10 -10 -8 -7 --------- Run | Yrd Mat Sub Mat Fac Total 5496 | 44 1035 2264 1997 156 Wait 750 | . 368 126 247 9 Move 4160 | 29 562 1936 1494 139 Hop . | . . . . . Pick Up 94 | 10 20 25 38 1 Fast Attach . | . . . . . Attach 38 | 5 3 14 15 1 Detach 2 | . 1 1 . . Swap 55 | . 5 17 33 . Drop 52 | . 13 18 21 . Fire 313 | . 58 115 134 6 Melee 14 | . . 12 2 . Ram . | . . . . . Kick . | . . . . . Crush 17 | . 5 . 12 . Escape Stasis . | . . . . . Rewire . | . . . . . Trap 1 | . . . 1 . Miscellaneous . | . . . . . Route ------- -11/Scrapyard -10/Materials (discovered 5 exits: *Mat x2 / *Min x2 / *Sub) -10/Subcaves (discovered 2 exits: *Mat x2) -8/Materials (discovered 3 exits: *Fac x3) -7/Factory History --------- Turn | Location | Event 16 | -11/Scrapyard | Discovered new exit (range 16) 57 | -11/Scrapyard | Entered Materials 274 | -10/Materials | Discovered new exit (range 9) 309 | -10/Materials | Build established: Mutant 564 | -10/Materials | Discovered new exit (range 6) 567 | -10/Materials | Identified exit to Mines 768 | -10/Materials | Identified exit to Materials 950 | -10/Materials | Discovered exit to Materials (range 16) 1514 | -10/Materials | Discovered new exit (range 6) 1531 | -10/Materials | Identified exit to Subcaves 1533 | -10/Materials | Entered Subcaves 1669 | -10/Subcaves | Learned location of Recycling (-9) 1885 | -10/Subcaves | A swath of the cavern ceiling suddenly collapsed 2158 | -10/Subcaves | Shifting Twisted Machinery released Sub. Optics 2218 | -10/Subcaves | Shifting Twisted Machinery released Mak. Hacking Suite 2276 | -10/Subcaves | Discovered new exit (range 14) 2299 | -10/Subcaves | Identified exit to Materials 2491 | -10/Subcaves | Visited Clippyterm 2713 | -10/Subcaves | Build established: Scavenger-Mutant 2923 | -10/Subcaves | Core integrity fell below 50% 2993 | -10/Subcaves | Learned 4 Materials zone layouts 2994 | -10/Subcaves | Discovered exit to Materials (range 16) 3868 | -10/Subcaves | Shifting Twisted Machinery released Sub. Beam Cannon 3888 | -10/Subcaves | Shifting Twisted Machinery released Shrapnel Trap 3952 | -10/Subcaves | Core integrity fell below 20% 4184 | -10/Subcaves | Build established: Mutant 5119 | -10/Subcaves | Entered Materials 5119 | -8/Materials | Evolved 4 slots: Propulsion x1, Utility x3 5226 | -8/Materials | Garrison activated, responded to threat 5625 | -8/Materials | Met 7R-MNS 5745 | -8/Materials | Build established: Scavenger-Mutant 5781 | -8/Materials | Identified exit to Factory 6891 | -8/Materials | Repaired Lgt. Treads 6912 | -8/Materials | Repaired Hpw. Shotgun 7366 | -8/Materials | Repaired Lgt. Treads 7380 | -8/Materials | Repaired Lgt. Treads 7398 | -8/Materials | Repaired Hvy. Assault Rifle 7862 | -8/Materials | Crushed by falling debris 7955 | -8/Materials | Crushed by falling debris 8351 | -8/Materials | Entered Factory 8351 | -7/Factory | Evolved 2 slots: Propulsion x1, Utility x1 8352 | -7/Factory | Caught up to 7R-MNS 8502 | -7/Factory | Garrison activated, responded to threat 8602 | -7/Factory | Self-destructed Last Messages --------------- FAILED. SECURING TERMINAL." 08480_ Acquired Arm. Treads. 08502_ ALERT: Activating Garrison Access F003. 08530_ ALERT: Alarm triggered, dispatching investigation squad. 08539_ Acquired 10 matter. 08541_ K-01 Serf collects debris. 08551_ Critical hit (Burn: +37). 08554_ K-01 Serf collects debris. 08588_ Terminal disabled. 08593_ Destroyed Imp. Heat Sink. 08593_ Hvy. Assault Rifle destroyed. 08596_ L-41 Fighter destroyed. 08596_ G-47 Trooper destroyed. 08597_ U-05 Engineer lays Concrete. 08598_ U-05 Engineer builds a Wall. 08598_ U-05 Engineer lays Concrete. 08601_ ALERT: Rogue bot located, Programmers report to Factory Zone 7P. 08601_ U-05 Engineer lays Concrete. Map ----- +----------------------------------------------------+ | | | | | | | | | | | | | | | | | | | | | | | | | ?????????????????????????????????????????????????? | | ??????????????????????????###########????????????? | | ??????????????????######??# """ """ #????????????? | | ????????????????? # ### """ """ #????????????? | | ??????????????# """ """ """ #????????????? | | ??????????????#/ """ #????????????? | | ??????????????? """ ! ! #????????????? | | ????????????????? g #????????????? | | ?????????????????? [ [ /#????????????? | | ??????????????####+# ! #????????????? | | ??????????????+ #####/###????????????? | | ??????????????# # #????????????? | | ?#/####+####### u ###k #????????????? | | ?# t b@ u % #????????????? | | ?# ##### ## #????????????? | | ?# #???# Y ## ! !#??????? #? | | ?# """"""""" #???# /#### ####### #? | | ?# ^ #???## ??# #? | | ## """"""""" #????## ##?# #? | | ## ###???# "T #??# """ ??? | | ^ """ #???# #?## """ """ """???? | | T" #???########?# """ """ F????? | | """ ############## % """ """ ?"????? | | [% ??? | | ##### ! ??? | | ######+###########???# ??? | | ?# #??# #######+####### ??? | | "" # """"""" #??# #???????????????# ???? | | "" ! # """"""???????# ##+#?????????????????? ???? | | "" # """"""" ?????# #?????????????????????????? | | # """"""" #??# #?????????????????????????? | | "" # #??# #?????????????????????????? | | "" # """"""" #??# ??????????????????????????? | | "" =# """"""" ?????# ??????????????????????????? | | ?# """"""" #??# ??????????????????????????? | | ####?# """"""" +?? ??????????????????????????? | | ?????# #??# ??????????????????????????? | | ?????# #??? ??????????????????????????? | +----------------------------------------------------+ Best States ------------- Heat Dissipation 34 Energy Generation 15 Energy Capacity 265 Matter Stores 300 Matter Capacity 300 Sight Range 16 Robot Scan Range 14 Terrain Scan Density 10 Armor Coverage 800 Resistance: KI 20 Resistance: TH 20 Resistance: EX 20 Resistance: EM 20 Resistance: I 20 Resistance: S 20 Resistance: P 20 Evasion (%) 42 Recoil Reduction 4 Offensive Hacking 21 Item Schematics ----------------- None Robot Schematics ------------------ None Fabricated ------------ Nothing Alien Tech Used ----------------- None Achievements -------------- GoHome() Challenges ------------ None Game ------ Seed SkeletonDispersionShredder Manual? 0 Play Time 01:43:40 Cumulative 12.7 hours Start 2024.04.06 @ 00:19:18 End 2024.04.06 @ 02:37:04 Sessions 2 Manual Loads 0 Difficulty Adventurer Special Mode None Game No. 9 Rogue 0 Adventurer 9 Explorer 0 Win Type - Total 0 Types 0/0/0/0/0/0/0/0/0 Lore% 14 Gallery% 12 Achievement% 17 Wizard Run 0 Options --------- Layout 1 ASCII 0 Keyboard 1 Movement Numpad Keybinds 0 Fullscreen 2 Font 32/SmallcapsGlow Map View 50x35 Zoom Use 0% Tactical HUD 1 Map Filters NONE Filters NONE Steam 1 RUN: 09f64bf4-bb48-4d41-a367-2801e9853cfc